 Dungeon Crawl Stone Soup version 0.24-a0-537-g2d01d4ab0a (webtiles) character file.

Game seed: 9148743962498882922

10038 Delarado the Transmogrifier (level 11, 0/63 HPs)
             Began as an Octopode Transmuter on Aug 12, 2019.
             Was a Believer of Cheibriados.
             Killed by vampiric draining
             ... invoked by a vampire
              (8 damage)
             ... on level 10 of the Dungeon on Aug 15, 2019.
             The game lasted 01:33:01 (20820 turns).

Delarado the Transmogrifier (Octopode Transmuter)  Turns: 20820, Time: 01:33:02

Health: 0/63       AC:  2    Str: 16    XL:     11   Next: 55%
Magic:  11/16      EV: 27    Int: 23    God:    Cheibriados [**....]
Gold:   87         SH:  0    Dex: 22    Spells: 0/17 levels left

rFire    . . .     SeeInvis .     - Unarmed
rCold    + . .     Gourm    .   (shield currently unavailable)
rNeg     . . .     Faith    .   (helmet currently unavailable)
rPois    x         Spirit   .   (no amulet)
rElec    .         Reflect  .   e - ring of protection from cold
rCorr    .         Harm     .   (no ring)
MR       .....                  (no ring)
Stlth    ++++......             (no ring)
HPRegen  0.20/turn              (no ring)
MPRegen  0.15/turn              (no ring)
                                (no ring)
                                (no ring)

@: spider-form, very slow
A: tiny, almost no armour, stealthy swim, (amphibious), 8 rings, (constrict 8)
a: End Transformation, Bend Time, Renounce Religion


You were on level 10 of the Dungeon.
You worshipped Cheibriados.
Cheibriados was pleased with you.
You were not hungry.
You were a venomous arachnid creature.
You visited 3 branches of the dungeon, and saw 12 of its levels.
You also visited: Sewer.

You collected 611 gold pieces.
You spent 524 gold pieces at shops.

Inventory:

Missiles
 a - 259 arrows
 d - 304 stones (quivered)
 p - 5 boomerangs
Armour
 t - a +0 shield
Jewellery
 e - a ring of protection from cold (left front leg)
Wands
 i - a wand of scattershot (8)
 k - a wand of polymorph (13)
 n - a wand of flame (2)
 A - a wand of acid (8)
 E - a wand of clouds (5)
Scrolls
 g - 5 scrolls of teleportation
 h - a scroll of enchant armour
 m - 2 scrolls of magic mapping
 o - a scroll of amnesia
 r - 3 scrolls of remove curse
 u - 2 scrolls of fog
 v - a scroll of enchant weapon
 w - 2 scrolls of fear
 x - a scroll of silence {unknown}
 y - a scroll of immolation {unknown}
Potions
 b - 6 potions of curing
 f - 2 potions of flight
 j - 2 potions of agility
 l - 2 potions of berserk rage
 q - 2 potions of haste
 s - a potion of magic {unknown}
 z - a potion of ambrosia {unknown}
 F - a potion of brilliance
 G - a potion of might
 I - a potion of lignification
 J - a potion of mutation
Comestibles
 c - 17 rations
 C - 6 chunks of flesh


   Skills:
 - Level 1.0 Fighting
 - Level 6.7 Dodging
 - Level 6.4 Stealth
 + Level 9.1 Unarmed Combat
 + Level 3.8 Spellcasting
 - Level 2.0 Translocations
 - Level 9.6 Transmutations
 - Level 5.0 Ice Magic
 - Level 4.3 Poison Magic
 + Level 6.6 Invocations


You couldn't memorise any spells.
You knew the following spells:

 Your Spells              Type           Power        Failure   Level  Hunger
a - Beastly Appendage     Tmut           #####.       2%          1    None
b - Sticks to Snakes      Tmut           #####...     2%          2    #......
c - Spider Form           Tmut/Pois      #####.....   8%          3    ###....
d - Ice Form              Ice/Tmut       #####...     16%         4    ####...
e - Blade Hands           Tmut           #####.....   16%         5    ######.
f - Blink                 Tloc           N/A          19%         2    #......

Your spell library contained the following spells:

 Spells                   Type           Power        Failure   Level  Hunger
 Passwall                 Tmut/Erth      ####....     9%          2    #......
 Magic Dart               Conj           #...         26%         1    None
 Sandblast                Erth           #.....       26%         1    None
 Petrify                  Tmut/Erth      ####....     32%         4    ####...
 Call Imp                 Summ           #.......     34%         2    #......
 Slow                     Hex            #.......     34%         2    #......
 Mephitic Cloud           Conj/Pois/Air  ##......     38%         3    ###....
 Conjure Flame            Conj/Fire      #.......     54%         3    ###....
 Stone Arrow              Conj/Erth      #.....       54%         3    ###....
 Lee's Rapid Deconstruct  Erth           #.........   99%         5    ######.


Dungeon Overview and Level Annotations

Branches:
Dungeon (10/15)            Temple (1/1) D:7            Lair (1/6) D:8
    Orc: D:9-12

Altars:
Ashenzari
Cheibriados
Dithmenos
Elyvilon
Fedhas
Gozag
Hepliaklqana
Kikubaaqudgha
Makhleb
Nemelex Xobeh
Okawaru
Qazlal
Ru
Sif Muna
Trog
Uskayaw
Vehumet
Wu Jian
Xom
Yredelemnul
Zin
The Shining One

Shops:
D:5 [(   D:7 ?   D:10 !

Annotations:
D:6 Grinder
D:9 1 exclusion
D:10 1 exclusion


Innate Abilities, Weirdness & Mutations

You cannot wear most types of armour.
You are very stealthy in the water. (Stealth+)
((You are amphibious.))
You can wear up to eight rings at the same time.
((You can use your tentacles to constrict eight enemies at once.))
((Your skin changes colour to match your surroundings (Stealth+).))
((Your rubbery body absorbs attacks. (AC +1, EV +1)))


Message History

You bite the vampire!
The vampire is almost destroyed.
The vampire hits you!
* * * LOW HITPOINT WARNING * * *
The vampire misses you.
You hit the vampire.
The vampire is almost destroyed.
The vampire is infused with unholy energy.
* * * LOW HITPOINT WARNING * * *
The vampire draws life force from you and is healed!
You feel much better. The vampire misses you. The vampire bites you!
* * * LOW HITPOINT WARNING * * *
The vampire draws strength from your injuries!
You hit the vampire.
The vampire is severely damaged.
The vampire closely misses you. The vampire completely misses you.
You hit the vampire but do no damage.
The vampire is severely damaged.
The vampire is infused with unholy energy.
You die...

####.###.##.......##
#.........##.....##
###.######..###...##
....÷..# ##..# #+##
.......# #.# #.#
.......# ♣.♣♣#.######
.......###♣#'#♣.......##
........#..'∩'..........
..........♣#+#♣.s..##.#
........##♣ ♣..V.#
####.#..# #..#.# #.#...
.....# #....# ##.....
###### #######


You could see a vampire.

Vanquished Creatures
  A yaktaur captain (D:9)
  2 hydras
  Pikel (D:4)
  A gargoyle (D:10)
  A troll (D:10)
  2 dream sheep (D:8)
  2 hippogriffs (D:8)
  13 yaks
  Menkaure (D:7)
  A hungry ghost (D:7)
  Edmund (D:6)
  Purgy (Sewer)
  3 orc warriors
  A slave (D:4)
  2 phantoms
  A black bear (D:6)
  An eye of draining (D:10)
  4 ogres
  7 centaurs
  A crocodile (D:9)
  4 bullfrogs
  3 big kobolds
  Dowan (D:7)
  A scorpion (D:8)
  4 killer bees (D:10)
  3 electric eels (D:9)
  6 howler monkeys
  A bullfrog zombie (D:7)
  2 crimson imps
  7 orc priests
  A centaur zombie (D:8)
  A gnoll shaman (D:4)
  4 hounds
  2 bullfrog skeletons
  6 orc wizards
  4 iguanas
  6 worker ants
  A killer bee zombie (D:8)
  A hound skeleton (D:8)
  A worker ant zombie (D:10)
  3 gnolls (D:4)
  10 adders
  5 shadow imps
  An ooze (D:3)
  2 adder zombies (D:6)
  3 worms
  2 dart slugs (D:1)
  3 leopard geckos
  32 orcs
  A ball python (D:4)
  6 bats
  10 giant cockroaches
  11 goblins
  12 hobgoblins
  2 jackals (D:6)
  17 kobolds
  4 quokkas
  4 frilled lizards
  A leopard gecko skeleton (D:4)
  7 rats
  A plant (D:9)
243 creatures vanquished.

Vanquished Creatures (collateral kills)
  Duvessa (D:7)
  A sky beast (D:7)
  A slave (D:4)
  A black bear (D:6)
  A phantom (D:5)
  A big kobold (D:8)
  Blork the orc (D:4)
  A scorpion (D:4)
  An orc wizard (D:4)
  An iguana (D:8)
  A worker ant (D:4)
  An orc (D:7)
  A goblin (D:3)
  2 kobolds
15 creatures vanquished.

Vanquished Creatures (others)
  A plant (D:8)
1 creature vanquished.

Grand Total: 259 creatures vanquished

Notes
Turn   | Place    | Note
-------+----------+-------------------------------------------
     0 | D:1      | Delarado the Octopode Transmuter began the quest for the
                  | Orb.
     0 | D:1      | Reached XP level 1. HP: 13/13 MP: 3/3
   193 | D:1      | Reached XP level 2. HP: 18/18 MP: 3/5
   216 | D:1      | Learned a level 2 spell: Sticks to Snakes
  1096 | D:1      | Reached XP level 3. HP: 18/23 MP: 4/6
  1584 | D:2      | Learned a level 3 spell: Spider Form
  2008 | D:2      | Reached skill level 1 in Poison Magic
  2344 | D:2      | Found a faded altar of an unknown god.
  2798 | D:3      | Reached XP level 4. HP: 28/28 MP: 5/7
  3757 | D:3      | Noticed a big kobold
  3807 | D:3      | Noticed a big kobold
  4081 | D:4      | Reached XP level 5. HP: 20/33 MP: 6/8
  4838 | D:4      | Noticed an ogre
  4877 | D:4      | HP: 1/33 [orc priest/nerve-wracking pain (11)]
  5232 | D:4      | Noticed Blork the orc
  5254 | D:4      | Killed Blork the orc
  5254 | D:4      | Reached XP level 6. HP: 38/38 MP: 1/9
  5411 | D:4      | Reached skill level 5 in Transmutations
  5460 | D:4      | Noticed a slave
  5762 | D:3      | Reached XP level 7. HP: 32/43 MP: 7/10
  6197 | D:3      | Learned a level 4 spell: Ice Form
  6506 | D:4      | Reached skill level 1 in Ice Magic
  6918 | D:4      | Noticed Pikel
  6933 | D:4      | Killed Pikel
  6933 | D:4      | Reached XP level 8. HP: 44/48 MP: 1/11
  7601 | D:5      | Entered Level 5 of the Dungeon
  7665 | D:5      | Reached skill level 1 in Stealth
  7756 | D:5      | Reached skill level 5 in Unarmed Combat
  7770 | D:5      | Found a glowing drain.
  7855 | Sewer    | Entered a sewer
  7900 | Sewer    | Noticed Purgy
  8010 | Sewer    | Killed Purgy
  8115 | D:5      | Found Faneit's Weapon Shop.
  8327 | D:5      | Found Hiawe's Armour Shoppe.
  8844 | D:6      | Noticed Edmund
  9891 | D:6      | Killed Edmund
  9891 | D:6      | Reached XP level 9. HP: 40/53 MP: 9/12
 11576 | D:6      | Found an ancient bone altar of Kikubaaqudgha.
 11611 | D:6      | Noticed Grinder
 11689 | D:7      | Found a staircase to the Ecumenical Temple.
 11705 | Temple   | Entered the Ecumenical Temple
 12185 | D:7      | Reached skill level 5 in Ice Magic
 12520 | D:7      | Found Waesk's Magic Scroll Shoppe.
 12525 | D:7      | Bought a scroll of identify for 28 gold pieces
 12525 | D:7      | Bought a scroll of identify for 28 gold pieces
 12525 | D:7      | Bought a scroll of fog for 28 gold pieces
 12525 | D:7      | Bought a scroll of identify for 28 gold pieces
 12528 | D:7      | Bought a scroll of identify for 28 gold pieces
 12762 | D:7      | Got a fine buckler
 12785 | D:7      | Noticed Duvessa
 12793 | D:6      | Identified the cursed -5 buckler of the Valley {rC+} (You
                  | found it on level 7 of the Dungeon)
 13323 | D:7      | Noticed Dowan
 13346 | D:7      | Killed Dowan
 13346 | D:7      | Killed Duvessa
 13384 | D:7      | Noticed Menkaure
 13401 | D:7      | Killed Menkaure
 13422 | D:7      | Learned a level 5 spell: Blade Hands
 13667 | D:8      | Found a basalt altar of Yredelemnul.
 13667 | D:8      | Found a shimmering altar of Xom.
 13667 | D:8      | Found a glowing silver altar of Zin.
 13667 | D:8      | Found a shimmering blue altar of Sif Muna.
 13668 | D:8      | Found a stormy altar of Qazlal.
 13668 | D:8      | Found a blossoming altar of Fedhas.
 13668 | D:8      | Found a snail-covered altar of Cheibriados.
 13668 | D:8      | Found an iron altar of Okawaru.
 13681 | D:8      | Became a worshipper of Cheibriados the Contemplative
 14031 | D:8      | Reached XP level 10. HP: 27/58 MP: 10/15
 14303 | D:8      | Found a staircase to the Lair.
 14732 | D:8      | Reached skill level 5 in Stealth
 14860 | D:8      | Noticed a three-headed hydra
 14868 | D:8      | Killed a three-headed hydra
 14868 | D:8      | Reached skill level 5 in Dodging
 14868 | D:8      | Reached skill level 1 in Invocations
 15657 | Lair:1   | Entered Level 1 of the Lair of Beasts
 15657 | Lair:1   | Noticed a spiny frog
 15816 | D:8      | Reached * piety under Cheibriados
 17345 | D:9      | Noticed a four-headed hydra
 17363 | D:9      | Killed a four-headed hydra
 17363 | D:9      | Reached XP level 11. HP: 21/63 MP: 12/16
 17713 | D:9      | Identified the amulet "Beas" {Harm *Drain rF+ MR+ Stlth+}
 17713 | D:9      | Noticed a yaktaur captain
 17788 | D:9      | Killed a yaktaur captain
 17788 | D:9      | Reached skill level 5 in Invocations
 18101 | D:9      | Learned a level 2 spell: Blink
 18402 | D:9      | Reached ** piety under Cheibriados
 18442 | D:9      | Reached skill level 1 in Translocations
 19190 | D:10     | Entered Level 10 of the Dungeon
 20791 | D:10     | Found Loykuj's Distillery.
 20794 | D:10     | Bought a potion of brilliance for 64 gold pieces
 20794 | D:10     | Bought a potion of might for 64 gold pieces
 20794 | D:10     | Bought a potion of heal wounds for 80 gold pieces
 20794 | D:10     | Bought a potion of lignification for 48 gold pieces
 20794 | D:10     | Bought a potion of mutation for 128 gold pieces
 20817 | D:10     | HP: 1/63 [vampire/vampiric draining (12)]
 20820 | D:10     | Killed from afar by a vampire

Levels and vault maps discovered:
D:1:      dpeg_arrival_pond, layout_basic, hangedman_abyss_or_decor_lesser_grid
D:2:      layout_loops_corners, chequers_ecumenical_altar_simple
D:3:      cheibrodos_thug_alley, layout_loops_corners, kennysheep_flooded_box,
          hangedman_decor_clover_reticule, chequers_serial_rivers_micro_a
D:4:      layout_basic, first_ration, uniq_pikel, uniq_blork_the_orc
D:5:      layout_basic, serial_shops,
          nicolae_shop_temple_entry_statues_fountains, nicolae_shop_stone,
          portal_sewer_entry_c, minmay_misc_feat_plants
D:6:      layout_loops_cross, kennysheep_little_box, uniq_edmund, uniq_grinder
D:7:      layout_basic, minmay_temple_entry_statues_pillars, serial_shops,
          nicolae_shop_crystal, uniq_duvessa, uniq_menkaure
D:8:      layout_cave_pods, grunt_temple_overflow_open, lair_entry_dummy,
          hangedman_ranch [blue_anna_fruit_fields]
D:9:      minmay_shrinking_squares, layout_loops_ring, serial_bayou,
          serial_bayou_crossing, serial_bayou_pond_b, serial_bayou_ford_a,
          serial_bayou_shore_b, grunt_decor_one_mirror
D:10:     layout_loops_corners, serial_shops, kennysheep_mini_moat
Temple:   nicolae_temple_figure_eight
Lair:1:   layout_chaotic_city, columned_hall_lemuel, serial_bayou_shore_b,
          grunt_megastairs_2, uniq_sonja

Skill      XL: |  1  2  3  4  5  6  7  8  9 10 11 |
---------------+----------------------------------+-----
Transmutations | 3 4 6 7 9 |  9.6
Poison Magic   | 1 2 4 |  4.3
Ice Magic      | 3 4 5 |  5.0
Unarmed Combat | 4 5 8 9 |  9.1
Stealth        | 2 3 6 |  6.4
Dodging        | 3 4 6 |  6.7
Spellcasting   | 3 |  3.8
Invocations    | 4 6 |  6.6
Translocations | 2 |  2.0
Fighting       | |  1.0

Action                   |  1- 3 |  4- 6 |  7- 9 | 10-12 || total
-------------------------+-------+-------+-------+-------++-------
Melee: Unarmed           |    78 |   103 |   369 |   265 ||   815
       Constrict         |    23 |    20 |    32 |    18 ||    93
       Kick              |    13 |    22 |    33 |    23 ||    91
       Tentacles         |    10 |    16 |    22 |    16 ||    64
       Punch             |     2 |     3 |     6 |     1 ||    12
Throw: Stone             |    67 |    25 |    40 |    36 ||   168
 Cast: Beastly Appendage |    28 |    22 |    31 |    14 ||    95
       Sticks to Snakes  |     1 |    24 |    48 |     4 ||    77
       Spider Form       |       |     5 |    33 |    20 ||    58
       Ice Form          |       |       |       |    10 ||    10
       Blade Hands       |       |       |       |     7 ||     7
 Abil: End Transformatio |       |       |       |     1 ||     1
Evoke: Wand              |       |       |    11 |       ||    11
  Use: Potion            |     4 |       |     3 |     1 ||     8
       Scroll            |     3 |     1 |     6 |     1 ||    11
 Stab: Sleeping          |     1 |     1 |     8 |     2 ||    12
       Distracted        |       |       |     1 |     1 ||     2
  Eat: Chunk             |     6 |     9 |    20 |    15 ||    50
       Ration            |       |     1 |     4 |     1 ||     6
Armor: Skin              |     8 |     3 |    10 |     7 ||    28
Dodge: Dodged            |    42 |    56 |   261 |   175 ||   534

Table legend:
 A = Non-vault XP
 B = Vault XP
 C = Vault XP percentage of total XP
 D = Non-vault monster count
 E = Vault monster count
 F = Vault count percentage of total count
                 A         B        C        D         E       F
            +---------+---------+-------+---------+---------+-------
      Total |    8967 |    5373 |  37.5 |     218 |      37 |  14.5
            +---------+---------+-------+---------+---------+-------
        D:1 |      36 |       0 |   0.0 |      19 |       0 |   0.0
        D:2 |      40 |       0 |   0.0 |      18 |       0 |   0.0
        D:3 |      64 |     104 |  61.9 |      25 |       8 |  24.2
        D:4 |     504 |     480 |  48.8 |      23 |       2 |   8.0
        D:5 |     500 |       6 |   1.2 |      16 |       5 |  23.8
        D:6 |    1156 |     157 |  12.0 |      35 |       1 |   2.8
        D:7 |     497 |     400 |  44.6 |      14 |       4 |  22.2
        D:8 |    1350 |    2020 |  59.9 |      14 |       7 |  33.3
        D:9 |    1929 |    2117 |  52.3 |      25 |       4 |  13.8
       D:10 |    2891 |       0 |   0.0 |      29 |       0 |   0.0
      Sewer |       0 |      89 | 100.0 |       0 |       6 | 100.0
            +---------+---------+-------+---------+---------+-------
